 Dungeon Crawl Stone Soup version 0.18.1-8-gdd0e5ea (webtiles) character file.

10531 Romlok the Basher (level 11, -7/64 HPs)
             Began as a Tengu Enchanter on May 20, 2016.
             Was a High Priest of Okawaru.
             Mangled by a komodo dragon (24 damage)
             ... on level 1 of the Lair of Beasts.
             The game lasted 02:36:07 (19003 turns).

Romlok the Basher (Tengu Enchanter)                Turns: 19003, Time: 02:36:08

Health: -7/64      AC: 14    Str: 13    XL:     11   Next: 63%
Magic:  18/18      EV: 15    Int: 16    God:    Okawaru [*****.]
Gold:   385        SH:  6    Dex: 19    Spells: 2 memorised, 14 levels left

rFire  . . .     SeeInvis +     a - +2 morningstar (holy)
rCold  + . .     Gourm    +     O - +2 leather armour {rPois}
rNeg   . . .     Faith    .     U - +0 buckler
rPois  +         Spirit   .     k - +0 hat
rElec  .         Dismiss  .     H - +1 cloak "Asots" {rC+ MR+ rCorr}
rCorr  +         Reflect  .     B - +1 pair of gloves
SustAt .         Harm     .     (boots unavailable)
MR     +....     Clarity  +     Q - amulet of the gourmand
Stlth  +++.......               s - +5 ring of dexterity
                                j - ring of see invisible

@: somewhat resistant to hostile enchantments, fairly stealthy
A: beak, talons 3, rough black scales 1, clarity, strong 1, able to fly 1
a: Fly, Heroism, Finesse, Renounce Religion


You were on level 1 of the Lair of Beasts.
You worshipped Okawaru.
Okawaru was extremely pleased with you.
You were completely stuffed.

You visited 3 branches of the dungeon, and saw 14 of its levels.
You also visited: Sewer.

You collected 609 gold pieces.
You spent 224 gold pieces at shops.

Inventory:

Hand Weapons
 a - a +2 morningstar of holy wrath (weapon)
 b - a +0 blowgun
 w - a +3 flail
 K - a +0 spear of venom
Missiles
 g - 450 stones (quivered)
 i - 16 tomahawks
 t - 34 poisoned needles
 C - 3 javelins
 F - 6 needles of confusion
 W - a throwing net
Armour
 k - a +0 hat (worn)
 B - a +1 pair of gloves (worn)
 H - the +1 cloak "Asots" (worn) {rC+ MR+ rCorr}
   (You found it on level 5 of the Dungeon)

   It protects you from cold.
   It affects your resistance to hostile enchantments.
   It protects you from acid and corrosion.
 O - a +2 leather armour of poison resistance (worn)
 U - a +0 buckler (worn)
Jewellery
 j - a ring of see invisible (left hand)
 s - a +5 ring of dexterity (right hand)
 Q - an amulet of the gourmand (around neck)
 T - a +2 amulet of reflection {unknown}
Wands
 u - a wand of polymorph (24/24)
 z - a wand of flame (23/48)
 G - a wand of enslavement (4/24)
Scrolls
 e - 6 scrolls of teleportation
 f - a scroll of fog
 l - 2 scrolls of recharging
 m - a scroll of amnesia
 n - 5 scrolls of remove curse
 y - 5 scrolls of identify
 M - a scroll of enchant weapon
Potions
 h - a potion of cancellation
 o - a potion of magic {unknown}
 p - 3 potions of haste
 v - 2 potions of resistance
 x - a potion of agility {unknown}
 A - 4 potions of curing
 E - a potion of flight
 V - a potion of invisibility
Books
 c - a book of Maledictions

   Spells                             Type                      Level
   a - Corona                         Hexes                        1
   b - Ensorcelled Hibernation        Hexes/Ice                    2
   c - Confuse                        Hexes                        3
   d - Tukima's Dance                 Hexes                        3
   e - Dazzling Spray                 Conjuration/Hexes            3
Comestibles
 d - 10 bread rations
 q - a royal jelly
 Y - 15 fruits


   Skills:
 + Level 6.3 Fighting
   Level 1.1 Short Blades
 * Level 12.8 Maces & Flails
 + Level 5.7 Armour
 + Level 5.2 Dodging
 + Level 4.1 Stealth
 - Level 5.0 Shields
 - Level 4.0 Spellcasting
 - Level 4.0 Hexes
 - Level 4.0 Invocations


You had 14 spell levels left.
You knew the following spells:

 Your Spells              Type           Power        Failure   Level  Hunger
a - Corona                Hex            ###....      4%          1    None
d - Tukima's Dance        Hex            ###.....     12%         3    ###....


Dungeon Overview and Level Annotations

Branches:
Dungeon (12/15)            Temple (1/1) D:4            Lair (1/8) D:8
    Orc: D:9-12

Altars:
Ashenzari
Cheibriados
Dithmenos
Elyvilon
Fedhas
Gozag
Kikubaaqudgha
Makhleb
Nemelex Xobeh
Okawaru
Pakellas
Qazlal
Ru
Sif Muna
Trog
Vehumet
Xom
Yredelemnul
Zin
The Shining One

Shops:
D:6 ?   D:7 [   D:10 !

Annotations:
D:4 Edmund, Grinder
D:5 Blork the orc
D:7 1 runed door
D:8 prob lair but trolls and eels, exclusion: statue, Joseph
D:10 exclusions: hill giant and ugly thing, Nergalle
D:11 exclusion: ugly thing, Quirk's ghost, journeyman DsGl
D:12 Frances


Innate Abilities, Weirdness & Mutations

You have a beak for a mouth.
You have claws for feet.
You can fly.
You are partially covered in rough black scales (AC +4, Dex -1).
You possess an exceptional clarity of mind.
Your muscles are strong. (Str +2)


Message History

You see here a blink frog corpse.
The blink frog blinks! x2
The blink frog blinks!
The blink frog blinks!
The blink frog blinks!
The blink frog completely misses you.
The blink frog blinks!
An iguana comes into view.
The blink frog barely misses you.
The blink frog blinks!
You block the blink frog's attack.
The blink frog blinks!
The blink frog barely misses you.
You feel like a meek peon again.
The blink frog blinks!
The blink frog closely misses you.
The blink frog blinks!
A komodo dragon comes into view.
The komodo dragon hisses angrily.
The blink frog blinks!
You block the blink frog's attack. The komodo dragon bites you!!
You die...

#........##...###......§.
#####.....#.......}.####.§..
#.# ###...##........#####§..
#.# ##...##................
#.## #....................>.
#..# ##...##.........###....
##.#####...##........#.###...
#...........#........#.......
##.........#@l.F.....#.P#####
#..##.##...##F.........## #
#########..##........#.#
##.##..........#
#####..#......>..#.#
##...........###.#..#
#P.≈≈≈≈≈≈≈≈≈.# #.##.#
##.≈≈≈≈≈≈≈≈≈.###.##.#
#.≈######≈≈.##..##l# ###


You could see a komodo dragon and 2 blink frogs.

Vanquished Creatures
  A manticore (D:11)
  A centaur skeleton (D:11)
  A spiny frog (Lair:1)
  A komodo dragon (Lair:1)
  A troll (D:8)
  3 blink frogs (Lair:1)
  A vampire (D:10)
  3 hippogriffs
  5 yaks (Lair:1)
  A mottled dragon (D:11)
  2 porcupines (Lair:1)
  3 water moccasins
  4 orc warriors
  An eye of draining (D:8)
  2 necrophages
  2 sky beasts
  2 black bears
  8 ogres
  3 phantoms
  4 centaurs
  4 wolves (D:8)
  5 giant frogs
  A gnoll sergeant (D:9)
  3 scorpions
  12 killer bees
  A water moccasin skeleton (D:7)
  11 wights
  2 howler monkeys
  3 electric eels (D:8)
  8 crimson imps
  2 centaur zombies
  2 giant frog skeletons
  2 jellies (D:5)
  11 orc wizards
  6 orc priests
  5 hounds
  3 iguanas
  Natasha (thrice) (D:3)
  13 worker ants
  A killer bee zombie (D:6)
  4 hound skeletons
  2 worker ant zombies
  A howler monkey zombie (D:6)
  6 gnolls
  6 river rats (Lair:1)
  14 adders
  6 shadow imps
  An ooze (D:4)
  4 worms
  2 dart slugs
  4 giant geckos
  30 orcs
  11 ball pythons
  17 bats
  12 giant cockroaches
  8 goblins
  5 hobgoblins
  9 jackals
  11 kobolds
  4 quokkas
  A giant cockroach zombie (D:6)
  A giant gecko skeleton (D:4)
  8 giant newts
  A quokka skeleton (D:7)
  15 rats
  A butterfly (D:7)
  8 plants (Sewer)
339 creatures vanquished.

Vanquished Creatures (others)
  A plant (Sewer)
1 creature vanquished.

Grand Total: 340 creatures vanquished

Notes
Turn   | Place    | Note
--------------------------------------------------------------
     0 | D:1      | Romlok the Tengu Enchanter began the quest for the Orb.
     0 | D:1      | Reached XP level 1. HP: 10/10 MP: 4/4
   146 | D:1      | Reached skill level 1 in Fighting
   237 | D:1      | Reached XP level 2. HP: 12/16 MP: 6/6
  1140 | D:1      | Reached XP level 3. HP: 22/22 MP: 7/7
  1605 | D:2      | Found a shattered altar of Ashenzari.
  1607 | D:2      | Found an opulent altar of Gozag.
  1610 | D:2      | Found a glowing golden altar of the Shining One.
  2180 | D:2      | Reached skill level 1 in Maces & Flails
  2379 | D:2      | Reached XP level 4. HP: 28/28 MP: 8/8
  2876 | D:3      | Reached skill level 2 in Maces & Flails
  2965 | D:3      | Reached skill level 3 in Maces & Flails
  3282 | D:3      | Gained mutation: You can fly. [Tengu growth]
  3282 | D:3      | Reached XP level 5. HP: 32/32 MP: 9/9
  3830 | D:3      | Reached skill level 4 in Maces & Flails
  3848 | D:4      | Noticed Natasha
  3945 | D:4      | Found a glowing drain.
  3987 | Sewer    | Entered a sewer
  4947 | D:4      | Reached skill level 5 in Maces & Flails
  4947 | D:4      | Reached XP level 6. HP: 28/37 MP: 8/10
  4959 | D:4      | Noticed Grinder
  4995 | D:4      | Noticed Edmund
  5036 | D:3      | Killed Natasha
  5042 | D:3      | Noticed Natasha
  5207 | D:3      | Killed Natasha
  5274 | D:3      | Noticed Natasha
  5279 | D:3      | Killed Natasha
  5640 | D:4      | Paralysed by Grinder for 2 turns
  5736 | D:4      | Found a staircase to the Ecumenical Temple.
  5745 | Temple   | Entered the Ecumenical Temple
  5840 | Temple   | Became a worshipper of Warmaster Okawaru
  5961 | D:5      | Entered Level 5 of the Dungeon
  6015 | D:5      | Reached skill level 6 in Maces & Flails
  6266 | D:5      | Noticed a necrophage
  6306 | D:5      | Reached XP level 7. HP: 36/41 MP: 7/11
  6332 | D:5      | Noticed Blork the orc
  6660 | D:5      | Reached skill level 7 in Maces & Flails
  6841 | D:5      | Got a brightly glowing cloak
  6850 | D:5      | Identified the +1 cloak "Asots" {rC+ MR+ rCorr} (You found it on level 5 of the Dungeon)
  6901 | D:5      | Reached * piety under Okawaru
  6964 | D:5      | Reached skill level 8 in Maces & Flails
  7021 | D:5      | Reached XP level 8. HP: 37/46 MP: 8/12
  7112 | D:5      | Reached skill level 9 in Maces & Flails
  7469 | D:6      | Found an oddly glowing altar of Pakellas.
  7526 | D:6      | Reached skill level 10 in Maces & Flails
  7647 | D:6      | Found Umups's Magic Scroll Boutique.
  7961 | D:6      | Reached ** piety under Okawaru
  7999 | D:6      | Found a sparkling altar of Nemelex Xobeh.
  8088 | D:7      | Found Bouv Mav's Armour Boutique.
  8554 | D:7      | Bought a +2 leather armour of poison resistance for 224 gold pieces
  8596 | D:7      | Reached skill level 1 in Armour
  8681 | D:7      | Found a runed door.
  8710 | D:7      | Found a runed door.
  8717 | D:7      | Reached XP level 9. HP: 51/51 MP: 13/13
  8940 | D:7      | Gained mutation: Your muscles are strong. (Str +2) [potion of mutation]
  8940 | D:7      | Gained mutation: You possess an exceptional clarity of mind. [potion of mutation]
  8940 | D:7      | Gained mutation: You are partially covered in rough black scales (AC +4, Dex -1). [potion of mutation]
  9615 | D:7      | Reached skill level 5 in Armour
  9984 | D:8      | Reached *** piety under Okawaru
 10049 | D:8      | Noticed Joseph
 10276 | D:8      | Found a radiant altar of Vehumet.
 10330 | D:8      | Noticed a troll
 10446 | D:8      | Reached skill level 11 in Maces & Flails
 11014 | D:8      | Learned a level 3 spell: Tukima's Dance
 11281 | D:8      | Reached skill level 1 in Invocations
 11551 | D:9      | Reached XP level 10. HP: 48/58 MP: 17/17
 12046 | D:9      | Reached **** piety under Okawaru
 12056 | D:9      | Got an iridescent short sword
 12142 | D:9      | Found a white marble altar of Elyvilon.
 12278 | D:10     | Entered Level 10 of the Dungeon
 12402 | D:10     | Noticed a hill giant
 12573 | D:10     | Received a gift from Okawaru
 12918 | D:10     | Noticed Nergalle
 12930 | D:10     | Noticed a hill giant
 13090 | D:10     | Upgraded the game from 0.18.1-6-gd335043 to 0.18.1-8-gdd0e5ea
 13116 | D:10     | Reached skill level 1 in Shields
 13241 | D:10     | Noticed a white ugly thing
 14235 | D:10     | Reached skill level 5 in Fighting
 14414 | D:10     | Found Ymmudgh's Distillery.
 14455 | D:10     | Found a blossoming altar of Fedhas.
 14735 | D:11     | Noticed a manticore
 14754 | D:11     | Killed a manticore
 15022 | D:11     | Reached skill level 12 in Maces & Flails
 15148 | D:11     | Reached XP level 11. HP: 60/64 MP: 18/18
 15184 | D:11     | Noticed a white ugly thing
 15715 | D:11     | Noticed Quirk's ghost (journeyman DsGl)
 15854 | D:12     | Noticed Frances
 16075 | D:8      | Reached ***** piety under Okawaru
 17566 | D:8      | Found a staircase to the Lair.
 18284 | Lair:1   | Entered Level 1 of the Lair of Beasts
 18738 | Lair:1   | Reached skill level 5 in Dodging
 18897 | Lair:1   | Received a gift from Okawaru
 18897 | Lair:1   | Reached skill level 5 in Shields
 19003 | Lair:1   | Mangled by a komodo dragon

Skill      XL: |  1  2  3  4  5  6  7  8  9 10 11 |
---------------+----------------------------------+-----
Fighting       | 1 2 3 4 5 6 |  6.3
Maces & Flails | 1 3 5 6 8 10 11 12 | 12.8
Armour         | 2 5 |  5.7
Spellcasting   | 4 |  4.0
Hexes          | 3 4 |  4.0
Invocations    | 1 4 |  4.0
Shields        | 4 5 |  5.0
Dodging        | 4 5 |  5.2
Stealth        | 4 |  4.1
Short Blades   | |  1.1

Action                   |  1- 3 |  4- 6 |  7- 9 | 10-12 || total
-------------------------+-------+-------+-------+-------++-------
Melee: Dagger            |   139 |    40 |       |       ||   179
       Peck              |    26 |    67 |    83 |   114 ||   290
       Kick              |    27 |   109 |    96 |   184 ||   416
       Flail             |       |   331 |   356 |   561 ||  1248
       Punch             |       |       |       |     1 ||     1
       Morningstar       |       |       |       |    17 ||    17
 Fire: Blowgun           |       |       |    19 |    69 ||    88
Throw: Stone             |    12 |    23 |    18 |     8 ||    61
 Cast: Corona            |     7 |    17 |    12 |    27 ||    63
Invok: Heroism           |       |       |     1 |    11 ||    12
  Use: Potion            |     1 |     4 |     7 |     3 ||    15
       Scroll            |     2 |     2 |     4 |     5 ||    13
 Stab: Sleeping          |    12 |     3 |     7 |     6 ||    28
       Distracted        |       |     1 |     3 |     1 ||     5
  Eat: Chunk             |     5 |    14 |    17 |    32 ||    68
       Fruit             |       |       |       |     2 ||     2
Armor: Robe              |    31 |    47 |    24 |       ||   102
       Leather armour    |       |       |    60 |   169 ||   229
Dodge: Dodged            |    88 |   153 |   214 |   321 ||   776
Block: Buckler           |       |       |       |    96 ||    96
